 Dungeon Crawl Stone Soup version 0.31-a0-865-g3d5d91748a (webtiles) character file.

Game seed: 2691864975860667092

2384 Shayle the Insei (level 9, -3/61 (69) HPs)
             Began as a Human Shapeshifter on Oct 10, 2023.
             Was a Follower of Ru.
             Slain by a wight
             ... wielding a +5 mace of freezing
              (5 damage)
             ... on level 5 of the Dungeon.
             The game lasted 00:13:23 (5551 turns).

Shayle the Insei (Human Shapeshifter)               Turns: 5551, Time: 00:13:24

HP:   -3/61 (69)    AC:  9    Str: 14    XL:     9   Next: 73%
MP:   9/9           EV: 13    Int: 12    God:    Ru [*.....]
Gold: 421           SH:  0    Dex: 16    Spells: 8/8 levels left

rFire   . . .        t - +3 short sword (venom)
rCold   . . .        (no shield)
rNeg    . . .        f - +0 ring mail
rPois   .            (helmet currently unavailable)
rElec   .            (cloak currently unavailable)
rCorr   .            (gloves currently unavailable)
SInv    .            (boots currently unavailable)
Will    .....        (no amulet)
Stlth   +            q - +4 ring of protection
HPRegen 0.30/turn    (no ring)
MPRegen 0.11/turn

%: no passive effects
@: beast-form, heavily drained
A: beast (slay +3), no hexes magic, no ice magic, no translocations magic
a: Begin Untransformation, Renounce Religion


You were on level 5 of the Dungeon.
You worshipped Ru.
Ru was aware of your devotion.
You were a hulking beast.
You visited 2 branches of the dungeon, and saw 8 of its levels.
You also visited: Sewer.

You collected 421 gold pieces.

Inventory:

Hand Weapons
 l - a +1 whip of venom
 r - a +1 heavy hand axe
 t - a +3 short sword of venom (weapon)
 B - a +2 whip of freezing
Missiles
 y - 2 curare-tipped darts (quivered)
Armour
 a - a +0 animal skin
 f - a +0 ring mail (worn)
 s - a +0 kite shield
 w - a +0 pair of gloves
 D - a +1 hat
 E - a +2 pair of gloves
Jewellery
 q - a +4 ring of protection (left hand)
Talismans
 c - a beast talisman (active)
 d - a flux talisman
Scrolls
 e - a scroll of identify
 h - a scroll of immolation
 i - 6 scrolls of teleportation
 k - a scroll of enchant weapon
 n - 2 scrolls of enchant armour {unknown}
 o - a scroll of revelation
 v - a scroll of noise {unknown}
 x - 2 scrolls of amnesia {unknown}
 z - a scroll of fear {unknown}
 A - a scroll of poison {unknown}
Potions
 b - 4 potions of might
 g - a potion of mutation {unknown}
 j - 4 potions of curing
 m - a potion of heal wounds {unknown}
 p - a potion of lignification
 u - a potion of berserk rage {unknown}
 C - 2 potions of enlightenment


   Skills:
 + Level 6.2 Fighting
 + Level 6.4 Dodging
 + Level 6.9 Unarmed Combat
 + Level 6.4 Shapeshifting


You had 8 spell levels left.
You didn't know any spells.
Your spell library contained the following spells:

 Spells                   Type           Power      Damage    Failure   Level
 Olgreb's Toxic Radiance  Pois           0%         N/A       100%        4
 Ignition                 Fire           0%         3d3       100%        8
 Discord                  Hex            Unusable   N/A       N/A         8

Dungeon Overview and Level Annotations

Branches:
Dungeon (7/15)             Temple (1/1) D:6           Sewer (visited)

Altars:
Ashenzari
Cheibriados
Dithmenos
Elyvilon
Fedhas
Hepliaklqana
Kikubaaqudgha
Makhleb
Nemelex Xobeh
Okawaru
Qazlal
Ru
Trog
Uskayaw
Zin
The Shining One

Shops:
D:1 [   D:4 :


Innate Abilities, Weirdness & Mutations

You are a hulking beast.
Your limbs bulge with bestial killing power. (Slay +3)
You cannot study or cast Hexes magic.
You cannot study or cast Ice magic.
You cannot study or cast Translocations magic.


Message History

The wight is moderately damaged.
The wight hits you but does no damage.
You hit the wight.
The wight is severely damaged.
The wight closely misses you.
You hit the wight but do no damage.
The wight is severely damaged.
The wight hits you with a +3 short sword.
You hit the wight.
You destroy the wight!
You hit the wight.
The wight is moderately damaged.
The wight closely misses you.
You closely miss the wight.
The wight is moderately damaged.
The wight barely misses you.
You hit the wight but do no damage.
The wight is moderately damaged.
The wight hits you with a +5 mace of freezing!
You feel drained. The wight freezes you.
You barely miss the wight.
The wight is moderately damaged.
The wight barely misses you.
You closely miss the wight.
The wight is moderately damaged.
The wight hits you with a +5 mace of freezing.
You feel drained. The wight freezes you.
You barely miss the wight.
The wight is moderately damaged.
The wight hits you with a +5 mace of freezing!
You feel drained. The wight freezes you.
* * * LOW HITPOINT WARNING * * *
You hit the wight.
The wight is heavily damaged.
The wight hits you with a +5 mace of freezing!
* * * LOW HITPOINT WARNING * * *
You feel drained.
* * * LOW HITPOINT WARNING * * *
The wight freezes you.
You die...

#.#..#.#
#.#..# #
#.#..#
#.#..#
#####.#..#
#........#
#.###.#..#
#.#....#
#h##.###
#z##.#
#z##.#
......#
#z# .#
....".#
#......#
$.....##
#....###
.......
.z..###
......#
....#
.....(#
......


You could see 3 wights.

Vanquished Creatures
  Prince Ribbit (D:6)
  2 dream sheep (D:6)
  Sigmund (D:2)
  A black bear (D:5)
  2 ice beasts
  A centaur (D:6)
  3 ogres
  A kobold brigand (Sewer)
  A phantom (D:4)
  A scorpion (D:5)
  2 wights (D:5)
  A howler monkey (D:6)
  2 jellies
  3 hounds
  2 orc priests (D:6)
  An iguana (D:4)
  7 orc wizards
  10 adders
  4 river rats
  A shadow imp (D:6)
  A white imp (D:6)
  3 worms
  A dart slug (D:3)
  21 orcs
  8 bats
  14 endoplasms
  5 giant cockroaches
  7 goblins
  4 hobgoblins
  6 jackals
  10 kobolds
  7 ball pythons
  5 frilled lizards
  5 rats
144 creatures vanquished.

Notes
Turn   | Place    | Note
-------+----------+-------------------------------------------
     0 | D:1      | Shayle the Human Shapeshifter began the quest for the Orb.
     0 | D:1      | Reached XP level 1. HP: 15/15 MP: 1/1
   111 | D:1      | Found Este's Armour Shoppe.
   170 | D:1      | Reached XP level 2. HP: 21/21 MP: 2/2
   501 | D:1      | Reached XP level 3. HP: 26/26 MP: 3/3
   851 | D:2      | Noticed Sigmund
   866 | D:2      | Killed Sigmund
   867 | D:2      | Reached XP level 4. HP: 34/34 MP: 4/4
   867 | D:2      | Reached XP level 5. HP: 39/39 MP: 5/5
  1006 | D:2      | Reached XP level 6. HP: 43/46 MP: 6/6
  1430 | D:3      | Found a faded altar of an unknown god.
  1470 | D:3      | Found a sparkling altar of Nemelex Xobeh.
  2305 | D:4      | Reached XP level 7. HP: 48/52 MP: 7/7
  2487 | D:4      | Found Zucazi's Book Shoppe.
  2991 | D:5      | Entered Level 5 of the Dungeon
  3087 | D:5      | Reached skill level 5 in Unarmed Combat
  3087 | D:5      | Reached XP level 8. HP: 19/60 MP: 8/8
  3344 | D:5      | Found a broken altar of Ashenzari.
  3553 | D:6      | Reached skill level 5 in Shapeshifting
  3624 | D:6      | Found a staircase to the Ecumenical Temple.
  3630 | Temple   | Entered the Ecumenical Temple
  3640 | Temple   | Became a worshipper of Ru the Awakened
  3681 | D:6      | Reached skill level 5 in Dodging
  3743 | D:6      | Found a glowing drain.
  3773 | Sewer    | Entered a sewer
  3847 | Sewer    | Reached skill level 5 in Fighting
  3959 | Sewer    | Found a glowing silver altar of Zin.
  4084 | D:6      | Noticed Prince Ribbit
  4134 | D:6      | Killed Prince Ribbit
  4135 | D:6      | Reached XP level 9. HP: 56/68 MP: 9/9
  5126 | D:6      | HP: 2/68 [dream sheep (21)]
  5507 | D:5      | Gained mutation: You cannot study or cast Ice magic. [Ru
                  | sacrifice]
  5507 | D:5      | Gained mutation: You cannot study or cast Hexes magic. [Ru
                  | sacrifice]
  5507 | D:5      | Gained mutation: You cannot study or cast Translocations
                  | magic. [Ru sacrifice]
  5507 | D:5      | Reached * piety under Ru
  5551 | D:5      | HP: 2/61 [wight/+5 mace of freezing (3)]
  5551 | D:5      | Slain by a wight

Illustrated notes

Levels and vault maps discovered:
D:1:      roderic_chinese_lattice_arrival, layout_loops_cross, serial_shops,
          shop
D:2:      layout_basic, uniq_sigmund
D:3:      layout_rooms, nemelex_xobeh_ov_fountains_minmay, serial_curves,
          eino_curves_03, eino_curves_02, eino_curves_04, eino_curves_03,
          ebering_ecumenical_altar_petrified,
          wander_ebering_terrifying_dragon_lair
D:4:      layout_loops_ring, serial_shops, nicolae_shop_pleasant_corner_grove
D:5:      layout_basic, nicolae_ashenzari_panopticon, uniq_menkaure
D:6:      layout_basic, minmay_temple_entry_arrows, portal_sewer_entry_b,
          uniq_prince_ribbit1
D:7:      layout_cave_pods, lemuel_crystal_altar,
          hellmonk_ghost_happy_afterlife, dreamdust_gnoll_shepherd
Temple:   eino_temple_water

Skill      XL: |  1  2  3  4  5  6  7  8  9 |
---------------+----------------------------+-----
Fighting       | 2 3 4 5 6 |  6.2
Dodging        | 3 4 5 6 |  6.4
Unarmed Combat | 4 5 6 |  6.9
Shapeshifting  | 4 5 6 |  6.4

Action                     |  1- 3 |  4- 6 |  7- 9 || total
---------------------------+-------+-------+-------++-------
  Melee: Unarmed           |    74 |     3 |       ||    77
         Punch             |     1 |     3 |    10 ||    14
         Whip              |       |    88 |       ||    88
         Short sword       |       |    54 |   288 ||   342
         Hand axe          |       |       |    10 ||    10
  Throw: Dart              |       |       |     8 ||     8
 Invoke: Sacrifice Arcana  |       |       |     1 ||     1
    Use: Potion            |     1 |       |     4 ||     5
         Scroll            |       |       |     7 ||     7
 Armour: Ring mail         |    38 |    80 |   190 ||   308
         Animal skin       |     1 |       |       ||     1
         Skin              |     5 |       |       ||     5
  Dodge: Dodged            |    42 |    89 |   159 ||   290

Table legend: (Time is in decaauts)
 A = Elapsed time spent in this place.
 B = Non-inter-level travel time spent in this place.
 C = Inter-level travel time spent in this place.
 D = Time resting spent in this place.
 E = Time spent auto-exploring this place.
 F = Levels seen in this place.
 G = Mean time per level.
                   A        B        C        D        E       F      G
               +--------+--------+--------+--------+--------+-----+--------+
         Total |   5591 |   5384 |    207 |    857 |   2963 |   9 |  621.2 |
       Dungeon |   5282 |   5075 |    207 |    770 |   2890 |   7 |  754.6 |
        Temple |     20 |     20 |      0 |      0 |      0 |   1 |   20.0 |
         Sewer |    288 |    288 |      0 |     87 |     72 |   1 |  288.0 |
               +--------+--------+--------+--------+--------+-----+--------+

Top non-repeatable levels by time:
     D:6: 1656 daAuts
     D:4: 1116 daAuts
     D:1: 847 daAuts
     D:3: 659 daAuts
     D:2: 580 daAuts
     D:5: 390 daAuts
   Sewer: 288 daAuts
     D:7: 32 daAuts
  Temple: 20 daAuts
